 Dungeon Crawl Stone Soup version 0.32-a0-39-g5c88369fb2 (webtiles) character file.

Game seed: 6800963198556727188

341508 LDflipp the Imperceptible (level 23, -17/152 HPs)
             Began as a Kobold Brigand on Jan 28, 2024.
             Was an Elder of Wu Jian.
             Demolished by a juggernaut (49 damage)
             ... on level 2 of the Depths on Jan 30, 2024.
             The game lasted 07:29:28 (65638 turns).

LDflipp the Imperceptible (Kobold Brigand)         Turns: 65638, Time: 07:29:28

Health: -17/152    AC: 20    Str:  8    XL:     23   Next: 1%
Magic:  23/23      EV: 40    Int: 14    God:    Wu Jian [****..]
Gold:   647        SH:  6    Dex: 26    Spells: 22/22 levels left

rFire   . . .        J - +2 eudemon blade (holy)
rCold   . . .        C - +0 buckler
rNeg    . . .        I - +5 robe of Night {Dark Will+ SInv}
rPois   .            n - +2 hat {Stlth+}
rElec   .            B - +0 cloak "Siazugi" {+Blink}
rCorr   .            z - +2 pair of gloves {hurl}
SInv    +            Q - +2 pair of boots {Fly}
Will    ++...        P - amulet of the acrobat Stlth *+++++++++
                     m - +4 ring of protection
HPRegen 0.45/turn    U - +5 ring of evasion
MPRegen 0.18/turn

%: acrobat
@: exhausted, on blink cooldown, flying, studying Fire Magic
A: small, no large weapons, nightstalker 3
}: 2/15 runes: barnacled, gossamer
a: Renounce Religion, Evoke Blink, Wall Jump, Serpent's Lash


You were on level 2 of the Depths.
You worshipped Wu Jian.
Wu Jian was greatly pleased with you.
You visited 8 branches of the dungeon, and saw 38 of its levels.
You also visited: Trove, Sewer, Ossuary and Bailey.

You collected 7856 gold pieces.
You spent 7209 gold pieces at shops.

Inventory:

Hand Weapons
 a - a +8 rapier of freezing
 b - the +0 dagger of Contradiction {protect, rPois Dex+3}
   (You bought it in a shop on level 11 of the Dungeon)

   Dex+3:     It affects your dexterity (+3).
   rPois:     It protects you from poison
 J - a +2 eudemon blade of holy wrath (weapon)
Missiles
 d - 5 atropa-tipped darts (quivered)
 e - 3 curare-tipped darts
 s - 3 throwing nets
 t - 2 datura-tipped darts
 Y - 2 darts of dispersal
Armour
 n - a +2 hat of stealth (worn)
 z - a +2 pair of gloves of hurling (worn)
 B - the +0 cloak "Siazugi" (worn) {+Blink}
   (You bought it in a shop on level 2 of the Orcish Mines)

   +Blink:    It lets you blink.
 C - a +0 buckler (worn)
 I - the +5 robe of Night (worn) {Dark Will+ SInv}
   (You bought it in a shop on level 2 of the Vaults)

   Dark:      It shrouds the wearer in darkness, reducing the range at which
   they can see and be seen by others.
   Will+:     It increases your willpower.
   SInv:      It lets you see invisible.
 Q - a +2 pair of boots of flying (worn)
 Z - +0 gold dragon scales
Jewellery
 c - a ring of protection from cold
 m - a +4 ring of protection (left hand)
 w - a ring of willpower
 D - a ring of fire
 H - a ring of poison resistance
 P - an amulet of the acrobat (around neck)
 U - a +5 ring of evasion (right hand)
Wands
 h - a wand of iceblast (25)
 j - a wand of digging (25)
 o - a wand of paralysis (40)
 A - a wand of quicksilver (2)
 K - a wand of mindburst (3)
 W - a wand of polymorph (25)
Scrolls
 i - a scroll of blinking
 l - 3 scrolls of fear
 q - 2 scrolls of silence
 u - 12 scrolls of teleportation
 y - 7 scrolls of poison
 G - 2 scrolls of fog
 R - a scroll of butterflies
 S - 6 scrolls of revelation
Potions
 g - 3 potions of haste
 k - 5 potions of ambrosia
 r - a potion of resistance
 v - 3 potions of berserk rage
 x - 6 potions of lignification
 L - 4 potions of cancellation
 M - 4 potions of curing
 N - 6 potions of attraction
 O - 3 potions of might
 V - a potion of brilliance
Miscellaneous
 f - a condenser vane
 E - a phantom mirror (inert)
 F - a phial of floods
 T - a box of beasts (inert)
 X - a lightning rod (3/4)


   Skills:
 + Level 18.1 Fighting
 - Level 14.0(17.7) Short Blades
 - Level 11.8(13.1) Long Blades
 - Level 18.0 Ranged Weapons
 - Level 2.1 Throwing
 - Level 2.0 Armour
 + Level 19.4 Dodging
 + Level 24.4 Stealth
 - Level 4.0 Shields
 * Level 20.9 Evocations


You had 22 spell levels left.
You didn't know any spells.
Your spell library contained the following spells:

 Spells                   Type           Power      Damage    Failure   Level
 Foxfire                  Conj/Fire      0%         2x1d4     41%         1
 Freeze                   Ice            0%         1d3       41%         1
 Magic Dart               Conj           0%         1d3       41%         1
 Sandblast                Erth           0%         2d4       41%         1
 Blink                    Tloc           0%         N/A       54%         2
 Call Imp                 Summ           0%         N/A       54%         2
 Ensorcelled Hibernation  Hex/Ice        0%         N/A       54%         2
 Lesser Beckoning         Tloc           0%         N/A       54%         2
 Static Discharge         Conj/Air       0%         3-3/arc   54%         2
 Sublimation of Blood     Necr           0%         N/A       54%         2
 Fugue of the Fallen      Necr           0%         N/A       78%         3
 Gell's Gravitas          Tloc           0%         N/A       78%         3
 Inner Flame              Hex/Fire       0%         N/A       78%         3
 Ozocubu's Armour         Ice            0%         N/A       78%         3
 Passwall                 Erth           0%         N/A       78%         3
 Stone Arrow              Conj/Erth      0%         3d7       78%         3
 Summon Ice Beast         Ice/Summ       0%         N/A       78%         3
 Teleport Other           Tloc           0%         N/A       78%         3
 Volatile Blastmotes      Fire/Tloc      0%         2d10      78%         3
 Airstrike                Air            0%         2d(0-16)  99%         4
 Anguish                  Hex/Necr       0%         N/A       99%         4
 Animate Armour           Summ/Erth      0%         N/A       99%         4
 Brom's Barrelling Bould  Conj/Erth      0%         2d3       99%         4
 Flame Wave               Conj/Fire      0%         2d4       99%         4
 Fulminant Prism          Conj/Alch      0%         3d5       99%         4
 Iskenderun's Mystic Bla  Conj/Tloc      0%         2d3       99%         4
 Manifold Assault         Tloc           0%         N/A       99%         4
 Petrify                  Alch/Erth      0%         N/A       99%         4
 Sticky Flame             Fire/Alch      0%         2d4       99%         4
 Summon Lightning Spire   Summ/Air       0%         N/A       99%         4
 Irradiate                Conj/Alch      0%         3d11      100%        5
 Lee's Rapid Deconstruct  Erth           0%         3d4*      100%        5
 Summon Forest            Summ/Tloc      0%         N/A       100%        5
 Summon Mana Viper        Hex/Summ       0%         N/A       100%        5
 Eringya's Noxious Bog    Alch           0%         4d6       100%        6
 Plasma Beam              Fire/Air       0%         2x1d10    100%        6
 Starburst                Conj/Fire      0%         6d3       100%        6
 Haunt                    Necr/Summ      0%         N/A       100%        7
 Malign Gateway           Summ/Tloc      0%         N/A       100%        7
 Monstrous Menagerie      Summ           0%         N/A       100%        7
 Borgnjor's Revivificati  Necr           0%         N/A       100%        8
 Lehudib's Crystal Spear  Conj/Erth      0%         10d2      100%        8
 Summon Horrible Things   Summ           0%         N/A       100%        8
 Death's Door             Necr           0%         N/A       100%        9


Dungeon Overview and Level Annotations

Branches:
Dungeon (15/15)            Temple (1/1) D:7            Lair (5/5) D:11
 Shoals (4/4) Lair:3       Spider (4/4) Lair:2        Slime (0/5) Lair:5
    Orc (2/2) D:10            Elf (0/3) Orc:2        Vaults (4/5) D:14
  Crypt (0/3) Vaults:2     Depths (3/4) D:15          Sewer (visited)
Ossuary (visited)          Bailey (visited)

Altars:
Ashenzari
Cheibriados
Dithmenos
Elyvilon
Fedhas
Gozag
Hepliaklqana
Kikubaaqudgha
Makhleb
Nemelex Xobeh
Okawaru
Qazlal
Ru
Sif Muna
Trog
Uskayaw
Vehumet
Wu Jian
Xom
Yredelemnul
Zin
The Shining One
Jiyva

Shops:
D:1 :   D:11 (   D:15 !   Orc:2 *([[   Shoals:4 *   Vaults:1 (=   Vaults:2 ![
Vaults:4 =

Portals:
Hell: Depths:1 Depths:2
Abyss: Depths:2
Pandemonium: Depths:2

Annotations:
D:13 1 runed translucent door, Hashres's ghost, journeyman TrBe
Shoals:2 Roxanne
Vaults:1 2 transporters, Konegep's ghost, adept GrFi; Kurok's ghost, journeyman MiFi
Vaults:3 2 transporters, bhz's ghost, adept MiBe


Innate Abilities, Weirdness & Mutations

You are small and have problems with some larger weapons.
You are completely attuned to the shadows.


Message History

An ice dragon comes into view.
The rakshasa hits your primal oxweird beast with a +0 trident!!
The spriggan air mage barely misses you.
As you read the scroll of teleportation, it crumbles to dust.
You feel strangely unstable.
Your primal oxweird beast closely misses the rakshasa.
Your primal oxweird beast barely misses the rakshasa.
Your primal oxweird beast grabs the rakshasa.
Your primal oxweird beast constricts the rakshasa!!
The juggernaut hits you!
* * * LOW HITPOINT WARNING * * *
The juggernaut misses you.
The rakshasa struggles to blink free from constriction.
You block the spriggan air mage's attack.
Your muscles tense, ready for explosive movement...
You spin and attack the spriggan air mage repeatedly, with incredible momentum.
You hit the spriggan air mage.
The spriggan air mage is lightly wounded.
You hit the spriggan air mage.
The spriggan air mage is lightly wounded.
Your supernatural speed expires.
You feel much better. The ice dragon breathes frost at you.
The blast of cold hits you!!
* * * LOW HITPOINT WARNING * * *
You hear a horrible gurgling sound! x3; You hear a shout!
Okay, then.
Aiming: Mindburst
Press: ? - help, Shift-Dir - straight line, f - spriggan air mage
Aim: a spriggan air mage, wearing a +0 robe (sparse dust, lightly wounded, repelling missiles, chance to affect: 18%)
Okay, then.
Aiming: Paralyse
Press: ? - help, Shift-Dir - straight line, f - spriggan air mage
Aim: a spriggan air mage, wearing a +0 robe (sparse dust, lightly wounded, repelling missiles, chance to affect: 2%)
Okay, then.
You feel much better. The spriggan air mage misses you.
Your surroundings suddenly seem different.
The rakshasa completely misses you.
You blink.
The juggernaut hits you!!!
You die...

##########
##......CC##
##.)...C^...##
#.[.#.†####..#
#..##[..####.#
#..##.[§[.##(#
#...#RC(†.##.#
#..i#H#@.[##.#
#..D..#..##..#
#[....†###..##
#.....†....##
#....#######
##∩T.


You could see a juggernaut and a rakshasa.

Vanquished Creatures
  An ancient lich (Vaults:3)
  Mara (Shoals:3)
  A juggernaut (Depths:2)
  Mennas (Vaults:4)
  Boris (Vaults:4)
  Saint Roka (Orc:2)
  Bai Suzhen (Vaults:4)
  3 caustic shrikes (Depths:2)
  A golden dragon (Depths:2)
  A hellephant (Depths:1)
  A titan (Vaults:4)
  5 sphinxes
  A kraken (Shoals:3)
  Polyphemus (Shoals:3)
  Ilsuiw (Shoals:3)
  A fire giant (Depths:2)
  6 emperor scorpions
  7 vault wardens
  2 ghost moths
  An iron dragon (Depths:2)
  An orc warlord (Orc:1)
  A balrug (Orc:1)
  A formless jellyfish (Vaults:4)
  17 ironbound preservers
  5 stone giants
  8 broodmothers
  3 very ugly things (Depths:2)
  Azrael (D:13)
  5 ironbound thunderhulks
  A deep elf demonologist (Depths:2)
  3 war gargoyles (Vaults:4)
  A spark wasp (Spider:3)
  4 dire elephants
  6 ettins
  7 merfolk javelineers
  3 merfolk impalers
  10 yaktaur captains
  Josephine (D:10)
  2 fire dragons (Depths:1)
  5 entropy weavers
  3 vault guards
  2 peacekeepers (Vaults:4)
  4 great orbs of eyes
  A rakshasa (Depths:2)
  3 jorogumos
  4 ice dragons
  2 hydras
  5 ironbound frosthearts
  2 merfolk avatars (Shoals:4)
  3 radroaches
  An anaconda (Spider:2)
  2 two-headed ogres
  A spriggan air mage (Depths:2)
  2 catoblepae
  10 centaur warriors
  An alligator snapping turtle (Shoals:4)
  A dancing weapon (D:14)
  Erica (D:10)
  2 satyrs
  4 merfolk aquamancers
  8 boulder beetles
  4 deep troll shamans
  2 vampire magi
  3 deep troll earth magi
  5 hell hogs (Depths:1)
  2 spriggan berserkers (Depths:2)
  2 tengu warriors
  Nergalle (D:10)
  7 demonic crawlers
  3 occultists (Depths:2)
  A hell knight (Vaults:4)
  6 death yaks
  A deep elf knight (D:15)
  A spriggan (Depths:2)
  12 pharaoh ants
  4 skeletal warriors (D:11)
  8 skysharks
  2 iron trolls
  17 sea snakes
  A flayed ghost (Depths:1)
  42 deep trolls
  An orange crystal statue (Depths:1)
  2 glowing orange brains
  14 orb spiders
  4 arcanists
  2 elf zombies (Vaults:3)
  2 sun moths (Spider:4)
  2 necromancers
  16 ironbound convokers
  3 lindwurms (Vaults:4)
  3 orc knights
  A stone giant zombie (Vaults:4)
  9 steelbarb worms
  25 harpies
  4 deep elf pyromancers (D:14)
  15 ugly things
  4 orc sorcerers (Orc:2)
  19 wolf spiders
  5 oklob plants
  Maurice (D:7)
  28 manticores
  19 fauns
  A shadow dragon skeleton (Vaults:3)
  5 cyclopes
  5 moths of wrath
  3 meliai (Spider:4)
  25 elephants
  14 merfolk sirens
  5 kobold blastminers
  11 vault sentinels
  2 black mambas
  8 torpor snails
  A human skeleton (Vaults:3)
  21 cane toads
  10 water nymphs
  3 gargoyles
  An unseen horror (D:11)
  A hellion (D:13)
  4 rime drakes
  A kobold demonologist (D:14)
  4 efreet
  A freezing wraith (D:14)
  4 tengu conjurers
  8 komodo dragons
  30 yaktaurs
  Psyche (D:10)
  A yaktaur skeleton (Vaults:3)
  6 polar bears
  6 trolls
  Grinder (Sewer)
  26 merfolk
  A hornet (Depths:2)
  10 snapping turtles
  40 tarantellas
  21 blink frogs
  11 dream sheep
  4 wind drakes
  A tyrant leech (Lair:5)
  A human simulacrum (Vaults:4)
  A centaur simulacrum (D:15)
  17 slime creatures
  16 jumping spiders
  A shadow (D:9)
  4 vampires
  14 water elementals
  28 culicivoras
  7 wraiths
  5 wyverns
  Eustachio (D:5)
  6 wargs
  73 yaks
  3 basilisks
  5 fire elementals
  A basilisk (shapeshifter) (D:14)
  A hog (D:9)
  A steam dragon (D:9)
  34 redbacks
  16 vampire mosquitoes
  6 swamp worms (Lair:3)
  2 acid dragons (D:12)
  2 hell hounds (D:14)
  32 orc warriors
  13 water moccasins
  An ogre skeleton (Vaults:4)
  A sky beast (D:7)
  2 ice beasts
  5 black bears
  7 ogres
  21 wolves
  2 laughing skulls (D:15)
  7 centaurs
  A weeping skull (Ossuary)
  5 kobold brigands
  15 bullfrogs
  2 gnoll sergeants
  An ogre simulacrum (Vaults:4)
  7 scorpions
  4 wights (D:9)
  A burial acolyte (Ossuary)
  9 killer bees
  9 electric eels
  10 howler monkeys
  2 bombardier beetles (D:4)
  A centaur zombie (Ossuary)
  A crimson imp (D:4)
  A quasit (Sewer)
  3 hounds
  4 jellies
  28 orc priests
  A human zombie (Ossuary)
  2 iguanas
  29 orc wizards
  7 mummies
  9 gnolls
  9 adders
  4 shadow imps
  4 white imps
  9 ufetubi
  3 ribbon worms
  100 orcs
  6 endoplasms
  5 giant cockroaches
  3 gnoll zombies (Ossuary)
  5 hobgoblins
  2 jackals (D:4)
  28 kobolds
  3 quokkas
  5 ball pythons
  4 bats
  2 frilled lizards
  12 goblins
  2 kobold zombies (Ossuary)
  An orc zombie (Ossuary)
  7 rats
1487 creatures vanquished.

Vanquished Creatures (collateral kills)
  3 merfolk impalers (Shoals:4)
  A merfolk javelineer (Shoals:4)
  A deep troll (Depths:2)
  A merfolk (Shoals:4)
  2 orc warriors (Orc:2)
  2 orc priests (Orc:2)
  3 orc wizards (Orc:2)
13 creatures vanquished.

Vanquished Creatures (others)
  2 orc wizards
  A kobold zombie (Sewer)
  8 tentacles (Shoals:3)
11 creatures vanquished.

Grand Total: 1511 creatures vanquished

Notes
Turn   | Place    | Note
-------+----------+-------------------------------------------
     0 | D:1      | LDflipp the Kobold Brigand began the quest for the Orb.
     0 | D:1      | Reached XP level 1. HP: 12/12 MP: 1/1
   305 | D:1      | Reached XP level 2. HP: 18/18 MP: 2/2
   371 | D:1      | Found Kuiluk's Book Shop.
   831 | D:2      | Reached XP level 3. HP: 21/22 MP: 3/3
  1058 | D:2      | Found a blossoming altar of Fedhas.
  1481 | D:3      | Reached XP level 4. HP: 27/27 MP: 4/4
  1527 | D:3      | Reached skill level 6 in Stealth
  1527 | D:3      | Reached XP level 5. HP: 32/32 MP: 5/5
  1626 | D:3      | Reached skill level 5 in Short Blades
  1683 | D:3      | Found a basalt altar of Yredelemnul.
  1707 | D:3      | Found a shadowy altar of Dithmenos.
  2174 | D:4      | Identified a scroll of acquirement
  2174 | D:4      | Acquired 907 gold pieces
  2178 | D:4      | Reached skill level 10 in Short Blades
  2178 | D:4      | Reached skill level 9 in Stealth
  2178 | D:4      | Reached skill level 5 in Evocations
  2178 | D:4      | Reached XP level 6. HP: 42/42 MP: 6/6
  2179 | D:4      | Reached skill level 10 in Stealth
  2179 | D:4      | Reached XP level 7. HP: 48/48 MP: 7/7
  2182 | D:4      | Found a sand-covered staircase.
  2189 | Ossuary  | Entered an ossuary
  2223 | Ossuary  | Reached XP level 8. HP: 54/54 MP: 8/8
  2624 | D:4      | Found a glowing drain.
  2636 | Sewer    | Entered a sewer
  2739 | Sewer    | Found a burning altar of Makhleb.
  2779 | Sewer    | Noticed Grinder
  2785 | Sewer    | Killed Grinder
  3221 | D:4      | Reached XP level 9. HP: 59/59 MP: 9/9
  3528 | D:4      | Reached skill level 11 in Stealth
  3758 | D:5      | Entered Level 5 of the Dungeon
  4565 | D:5      | Noticed Eustachio
  4568 | D:5      | Killed Eustachio
  4569 | D:5      | Reached skill level 1 in Shields
  5123 | D:6      | Reached XP level 10. HP: 63/64 MP: 10/10
  5136 | D:6      | Noticed a two-headed ogre
  5143 | D:6      | Killed a two-headed ogre
  5611 | D:7      | Found a flagged portal.
  5630 | Bailey   | Entered a bailey
  5776 | Bailey   | Reached skill level 1 in Ranged Weapons
  5956 | Bailey   | Reached skill level 1 in Armour
  6014 | Bailey   | Identified the +3 short sword "Bughiaf" {drain, rElec}
  6169 | D:7      | Found a staircase to the Ecumenical Temple.
  6187 | Temple   | Entered the Ecumenical Temple
  6239 | Temple   | Became a worshipper of the Wu Jian Council
  6325 | D:7      | Noticed Maurice
  6328 | D:7      | Killed Maurice
  6656 | D:7      | Noticed a gargoyle
  6674 | D:7      | Killed a gargoyle
  6675 | D:7      | Reached XP level 11. HP: 8/69 MP: 11/11
  8420 | D:9      | Reached skill level 5 in Ranged Weapons
  8569 | D:9      | Reached * piety under Wu Jian
  9227 | D:9      | Found a sparkling altar of Nemelex Xobeh.
  9236 | D:9      | Found a runed translucent gate.
  9290 | D:9      | Reached skill level 12 in Stealth
  9544 | D:9      | Found a runed translucent gate.
  9544 | D:9      | Noticed a manticore
  9545 | D:9      | Found a runed translucent gate.
  9546 | D:9      | Noticed a death yak
  9546 | D:9      | Noticed a manticore
  9552 | D:9      | Noticed a death yak
  9748 | D:9      | Noticed a manticore
  9788 | D:10     | Entered Level 10 of the Dungeon
 10027 | D:9      | Reached ** piety under Wu Jian
 10206 | D:10     | Noticed a two-headed hydra
 10208 | D:10     | Killed a two-headed hydra
 10217 | D:10     | Reached XP level 12. HP: 76/76 MP: 12/12
 10268 | D:10     | Noticed Psyche
 10271 | D:10     | Killed Psyche
 10351 | D:10     | Noticed Erica
 10364 | D:10     | Killed Erica
 10365 | D:10     | Reached skill level 10 in Ranged Weapons
 10407 | D:10     | Found a staircase to the Orcish Mines.
 10547 | D:10     | Noticed Josephine
 10550 | D:10     | Killed Josephine
 10551 | D:10     | Reached skill level 10 in Dodging
 10872 | D:10     | Noticed Nergalle
 10875 | D:10     | Killed Nergalle
 10981 | D:10     | Found a glowing golden altar of the Shining One.
 11056 | D:10     | Reached *** piety under Wu Jian
 11438 | D:11     | Reached skill level 13 in Stealth
 11572 | D:11     | Found Corut's Antique Weapon Boutique.
 11583 | D:11     | Bought a runed shortbow for 162 gold pieces
 11583 | D:11     | Bought a glimmering short sword for 216 gold pieces
 11583 | D:11     | Identified the +5 short sword of Zunnackoe {freeze, rF+
                  | Str+4} (You bought it in a shop on level 11 of the Dungeon)
 11583 | D:11     | Bought an ichor-stained dagger for 189 gold pieces
 11583 | D:11     | Identified the +0 dagger of Contradiction {protect, rPois
                  | Dex+3} (You bought it in a shop on level 11 of the Dungeon)
 11904 | D:11     | Found a staircase to the Lair.
 12187 | D:11     | Reached skill level 10 in Fighting
 12400 | Lair:1   | Entered Level 1 of the Lair of Beasts
 12425 | Lair:1   | Reached XP level 13. HP: 82/82 MP: 13/13
 12471 | Lair:1   | Reached skill level 10 in Evocations
 13277 | Lair:1   | Reached **** piety under Wu Jian
 13623 | Lair:2   | Reached skill level 15 in Ranged Weapons
 13986 | Lair:2   | Found a hole to the Spider Nest.
 14163 | Lair:2   | Reached skill level 14 in Stealth
 14792 | Lair:3   | Reached ***** piety under Wu Jian
 14815 | Lair:3   | Reached XP level 14. HP: 88/88 MP: 14/14
 15002 | Lair:3   | Found a transporter.
 15134 | Lair:3   | Found a staircase to the Shoals.
 15386 | Lair:3   | Found a transporter.
 15562 | Lair:3   | Identified the ring of Secrets {Int+6 Dex+3}
 16180 | Lair:4   | Reached skill level 15 in Stealth
 16922 | Lair:5   | Entered Level 5 of the Lair of Beasts
 17440 | Lair:5   | Reached XP level 15. HP: 96/96 MP: 15/15
 17625 | Lair:5   | Found a viscous altar of Jiyva.
 17626 | Lair:5   | Found a staircase to the Slime Pits.
 17999 | Lair:5   | Reached skill level 16 in Stealth
 18009 | Lair:5   | Reached ****** piety under Wu Jian
 19014 | Lair:1   | Acquired 635 gold pieces
 19529 | D:9      | Identified the +9 scimitar "Zalezal" {heavy, rPois rF+
                  | Dex+3}
 19899 | D:11     | Reached skill level 1 in Long Blades
 21404 | D:13     | Found a runed translucent door.
 21404 | D:13     | Noticed Hashres's ghost (journeyman TrBe)
 22015 | D:13     | Found the +6 arbalest "Damnation" {damnation}
 22268 | D:14     | Noticed Azrael
 22305 | D:13     | Killed Azrael
 22667 | D:14     | Identified the +2 ring mail of Eternal Night {rC+ Dex+4}
 22948 | D:14     | Reached skill level 5 in Long Blades
 22948 | D:14     | Reached XP level 16. HP: 76/104 MP: 5/16
 23004 | D:14     | Found a gate to the Vaults.
 23225 | D:14     | Noticed a sphinx
 23421 | D:14     | Killed a sphinx
 23733 | D:15     | Entered Level 15 of the Dungeon
 23952 | D:15     | Found Yskolifi's Distillery.
 23957 | D:15     | Bought a potion of invisibility for 96 gold pieces
 23957 | D:15     | Bought a potion of curing for 36 gold pieces
 23957 | D:15     | Bought a potion of heal wounds for 60 gold pieces
 23957 | D:15     | Bought a potion of curing for 36 gold pieces
 24879 | D:15     | Found a staircase to the Depths.
 25407 | Orc:1    | Entered Level 1 of the Orcish Mines
 25798 | Orc:1    | Found a runed translucent door.
 25943 | Orc:1    | Identified the +1 plate armour of Classification {SInv}
 25999 | Orc:2    | Entered Level 2 of the Orcish Mines
 26640 | Orc:1    | Reached skill level 17 in Stealth
 27065 | Orc:2    | Found Jaramun's Antique Armour Emporium.
 27613 | Orc:2    | Found Syddant's General Store.
 27669 | Orc:2    | Noticed Saint Roka
 27685 | Orc:2    | HP: 4/105 [orc priest/divine providence (12)]
 27701 | Orc:2    | Killed Saint Roka
 28257 | Orc:2    | Found Zamo's Antique Armour Emporium.
 28258 | Orc:2    | Found Duuwae's Antique Weapon Shoppe.
 28277 | Orc:2    | Bought a slimy leather armour for 196 gold pieces
 28277 | Orc:2    | Identified the +1 leather armour of Calculation {Rampage
                  | Fly rCorr} (You bought it in a shop on level 2 of the
                  | Orcish Mines)
 28281 | Orc:2    | Bought a shiny helmet for 210 gold pieces
 28335 | Orc:2    | Bought a scroll of identify for 34 gold pieces
 28375 | Orc:2    | Found a staircase to the Elven Halls.
 28420 | Orc:2    | Bought a runed leather armour for 155 gold pieces
 28420 | Orc:2    | Bought a glowing cloak for 232 gold pieces
 28500 | Orc:2    | Bought a smoking ring mail for 252 gold pieces
 28500 | Orc:2    | Identified the +1 ring mail of Hiutanony {Fly rElec Regen+}
                  | (You bought it in a shop on level 2 of the Orcish Mines)
 28585 | Orc:2    | Bought the +0 cloak "Siazugi" {+Blink} for 314 gold pieces
 28959 | Spider:1 | Entered Level 1 of the Spider Nest
 29094 | Spider:1 | Reached XP level 17. HP: 110/110 MP: 17/17
 29876 | Spider:1 | Reached skill level 15 in Dodging
 30374 | Spider:2 | Reached skill level 18 in Stealth
 30474 | Spider:2 | Identified the blade talisman "Trusted Companion" {+Blink
                  | rPois rF++ Int-4}
 32367 | Spider:2 | Reached skill level 19 in Stealth
 32367 | Spider:2 | Reached skill level 15 in Evocations
 33406 | Spider:3 | Found a hide-covered altar of Uskayaw.
 33666 | Spider:3 | Reached XP level 18. HP: 117/117 MP: 18/18
 34165 | Spider:4 | Entered Level 4 of the Spider Nest
 34495 | Spider:4 | Reached skill level 20 in Stealth
 34782 | Spider:4 | Identified the +11 great sword "Botukh" {venom, rElec rN+
                  | Int+7 Dex-5}
 34938 | Spider:4 | Reached skill level 15 in Fighting
 36636 | Spider:4 | Reached skill level 21 in Stealth
 37817 | Spider:4 | Identified the scarf of Charity {rC+ rF+, Rampage Str-5
                  | Int+7}
 37828 | Spider:4 | Got a gossamer rune of Zot
 38329 | Shoals:1 | Entered Level 1 of the Shoals
 39294 | Shoals:1 | Reached XP level 19. HP: 124/124 MP: 19/19
 40662 | Shoals:2 | Noticed Roxanne
 41121 | Shoals:2 | Reached skill level 22 in Stealth
 41552 | Shoals:3 | Noticed Polyphemus
 41962 | Shoals:3 | Noticed Mara
 42058 | Shoals:3 | Noticed LDflipp's illusion
 42115 | Shoals:3 | HP: 1/125 [snapping turtle (14)]
 42488 | Shoals:3 | Killed Polyphemus
 42669 | Shoals:3 | Noticed LDflipp's illusion
 42722 | Shoals:3 | Noticed LDflipp's illusion
 42726 | Shoals:3 | HP: 5/112 [LDflipp's illusion (illusionary)[Mara] (15)]
 43000 | Shoals:3 | Killed Mara
 43081 | Shoals:3 | Noticed Ilsuiw
 43479 | Shoals:3 | Killed Ilsuiw
 44600 | Shoals:4 | Entered Level 4 of the Shoals
 45365 | Shoals:4 | Found Keetueg's Overcharged Wands.
 45370 | Shoals:4 | Bought a wand of paralysis (18) for 648 gold pieces
 45884 | Shoals:4 | Reached XP level 20. HP: 132/132 MP: 20/20
 46800 | Shoals:4 | Acquired 896 gold pieces
 47788 | Shoals:4 | Got a barnacled rune of Zot
 48837 | Shoals:4 | Bought a wand of iceblast (18) for 648 gold pieces
 48837 | Shoals:4 | Bought a wand of polymorph (18) for 378 gold pieces
 49143 | Vaults:1 | Entered Level 1 of the Vaults
 49632 | Vaults:1 | Found a transporter.
 49644 | Vaults:1 | Found a transporter.
 49870 | Vaults:1 | Found Suet's Weapon Emporium.
 50657 | Vaults:1 | Reached skill level 10 in Long Blades
 50723 | Vaults:1 | Found Dolaxez's Jewellery Emporium.
 50735 | Vaults:1 | Bought an amulet of reflection for 510 gold pieces
 50983 | Vaults:1 | Noticed a dread lich
 51017 | Vaults:1 | Noticed Kurok's ghost (journeyman MiFi)
 51021 | Vaults:1 | Noticed Konegep's ghost (adept GrFi)
 51435 | Vaults:2 | Found a staircase to the Crypt.
 51968 | Vaults:2 | Reached skill level 23 in Stealth
 52788 | Vaults:2 | Found Nyats's Antique Armour Boutique.
 52872 | Vaults:2 | Found a portal to a secret trove of treasure.
 52884 | Trove    | Entered a treasure trove
 52944 | Trove    | Identified the +9 mace of Bamawipt {freeze, *Slow rC+ rN+}
 52949 | Trove    | Identified the +4 quarterstaff of Eternal Vigilance {flame,
                  | rCorr Int+2}
 52984 | Trove    | Identified the amulet of Onleti {Faith Will+ Str+3 Slay-6}
 52990 | Trove    | Got Sasid's Elucidation of the Icicle and Direction
 53598 | Vaults:2 | Found Naepuwn's Distillery.
 53604 | Vaults:2 | Bought a potion of heal wounds for 65 gold pieces
 53604 | Vaults:2 | Bought a potion of curing for 39 gold pieces
 53604 | Vaults:2 | Bought a potion of curing for 39 gold pieces
 53794 | Vaults:2 | Reached XP level 21. HP: 110/138 MP: 21/21
 56082 | Vaults:3 | Acquired 1129 gold pieces
 56207 | Vaults:2 | Bought the +5 robe of Night {Dark Will+ SInv} for 2100 gold
                  | pieces
 56207 | Vaults:2 | Found the +5 robe of Night {Dark Will+ SInv}
 56207 | Vaults:2 | Bought a distressingly furry cloak for 332 gold pieces
 56207 | Vaults:2 | Identified the +2 cloak of Ignis, Uplifting {Int+5} (You
                  | bought it in a shop on level 2 of the Vaults)
 56245 | Vaults:2 | Bought a pair of runed boots for 262 gold pieces
 56376 | Vaults:3 | Noticed an ancient lich
 56381 | Vaults:3 | Killed an ancient lich
 56497 | Vaults:3 | Found a transporter.
 56499 | Vaults:3 | Noticed bhz's ghost (adept MiBe)
 56507 | Vaults:3 | Found a transporter.
 59250 | Vaults:4 | Identified the ring of Impatience {Will+ Str+2}
 59573 | Vaults:4 | Noticed Boris
 59574 | Vaults:4 | Noticed Bai Suzhen
 59575 | Vaults:4 | Killed Boris
 59576 | Vaults:4 | Killed Bai Suzhen
 59611 | Vaults:4 | Reached XP level 22. HP: 145/145 MP: 22/22
 61374 | Vaults:4 | Found Hucudimm's Jewellery Boutique.
 61812 | Vaults:4 | Noticed Mennas
 61813 | Vaults:4 | Killed Mennas
 62406 | Depths:1 | Entered Level 1 of the Depths
 62946 | Depths:1 | Reached skill level 24 in Stealth
 63031 | Depths:1 | Found a gateway to Hell.
 63614 | Depths:1 | Found a blossoming altar of Fedhas.
 64684 | Depths:2 | Found a one-way gate to the infinite horrors of the Abyss.
 65360 | Depths:2 | You are sucked into a shaft and drop 1 floor!
 65432 | Depths:2 | Noticed a golden dragon
 65433 | Depths:2 | Killed a golden dragon
 65443 | Depths:2 | Got Sif Muna's Discursus on the Scorpion and the Mountains
 65450 | Depths:2 | Noticed a caustic shrike
 65451 | Depths:2 | Noticed a caustic shrike
 65452 | Depths:2 | Killed a caustic shrike
 65453 | Depths:2 | Noticed a caustic shrike
 65453 | Depths:2 | Killed a caustic shrike
 65454 | Depths:2 | Killed a caustic shrike
 65474 | Depths:2 | Noticed a juggernaut
 65475 | Depths:2 | Killed a juggernaut
 65507 | Depths:2 | Found a one-way gate leading to the halls of Pandemonium.
 65608 | Depths:2 | Reached XP level 23. HP: 42/152 MP: 23/23
 65620 | Depths:2 | Noticed a juggernaut
 65634 | Depths:2 | HP: 7/152 [ice dragon/blast of cold (25)]
 65638 | Depths:2 | Demolished by a juggernaut

Illustrated notes

Levels and vault maps discovered:
D:1:      grunt_arrival_crossed_arrows, layout_rooms, serial_shops, shop_statue,
          chequers_avenue, amcnicky_mini_rare_corridor_liquid
D:2:      layout_loops_cross, basic_altar
D:3:      layout_rooms, mainiacjoe_overflow_catwalk_spiral
D:4:      layout_gridville, mainiacjoe_sewer_entry_somewhere_in_here_1,
          gup_ossuary_entry_pyramid, minmay_fire_ice_demons
D:5:      layout_basic, minmay_misc_feat_diagonals, uniq_eustachio
D:6:      layout_rooms, minmay_manual_mail
D:7:      layout_basic, minmay_temple_entry_statues_fountains, enter_bailey_3,
          chequers_serial_rivers_micro_d, minmay_crystal_room,
          minmay_manual_moon, uniq_maurice
D:8:      layout_cave_pods, minmay_misc_feat_alley,
          serial_library_hellmonk_statue_hall
D:9:      lemuel_bear_cage, layout_stronghold, general_overflow_altar,
          serial_bayou, serial_bayou_pond_c, serial_bayou_crossing,
          serial_bayou_lagoon_b, serial_bayou_lake_a
D:10:     layout_roguey, tso_oasis_becter, david_orc_3, hangedman_ranch,
          uniq_josephine, uniq_psyche, uniq_erica, uniq_nergalle
D:11:     layout_irregular_city, lair_entry_dummy, serial_shops,
          nicolae_shop_hallway_plus
D:12:     layout_cross
D:13:     layout_loops_ring, gammafunk_ghost_grave,
          hellmonk_guarded_unrand_damnation
D:14:     minmay_slanted_spiral_squares, layout_rooms, erik_vaults_1,
          grunt_decor_resistance, uniq_azrael
D:15:     hellmonk_depths_entry_around_the_bend, layout_loops_ring,
          serial_shops, nicolae_shop_stone, serial_co_window_serial,
          co_window_corner_a, co_window_corner_a, co_window_corner_a,
          co_window_cross_1, co_window_corner_a, co_window_paths_c,
          co_window_of_opportunity_b, co_window_2corner,
          co_window_of_opportunity_b, co_window_2corner, glass_columns_b,
          glass_columns_a
Temple:   dpeg_five_rooms_temple
Lair:1:   layout_chaotic_city, grunt_megastairs_3
Lair:2:   layout_roguey, hellmonk_spider_entry_life_and_decay,
          serial_bayou_pond_d, serial_bayou_shore_b, grunt_megastairs_2,
          serial_bayou_shore_b, infiniplex_staircase_pool
Lair:3:   gammafunk_worm_tunnel, layout_regular_city, elwin_shoals_entry_rocks
Lair:4:   layout_cave_shapes, infiniplex_staircase_pool_2, grunt_megastairs_4
Lair:5:   minmay_lair_end_frog_pond, layout_gridlike, slime_entry_1,
          serial_rivers, chequers_serial_rivers_micro_c,
          chequers_serial_rivers_micro_e, chequers_serial_rivers_micro_e,
          chequers_serial_rivers_marsh, chequers_serial_rivers_room_b,
          minivault_23, dpeg_oklob_1, lemuel_fruit_tree
Shoals:1: layout_shoals, nicolae_shoals_nymph_descending_staircase
Shoals:2: layout_shoals, uniq_roxanne
Shoals:3: layout_shoals, uniq_polyphemus, uniq_ilsuiw, uniq_mara
Shoals:4: shoals_end_simple, layout_shoals, ldierk_geyser,
          nicolae_shop_overcharged_wands
Spider:1: layout_cave_pods, nicolae_spider_checkerboard
Spider:2: layout_spider_delve
Spider:3: layout_spider_delve, nicolae_spider_altar_of_dancing,
          hangedman_spider_tarantella_strand
Spider:4: hellmonk_spider_rune_endless_swarm, nicolae_spider_nooks_and_crannies
Orc:1:    dreamdust_dug_too_deep, layout_caves, basic_altar,
          blackcustard_rock_pile
Orc:2:    grunt_orc_community_town_hall, layout_caves,
          grunt_orc_community_big_house_1, grunt_orc_community_big_house_2,
          grunt_orc_community_house_2, grunt_orc_community_house_2,
          grunt_orc_community_house_1, grunt_orc_community_house_3
Vaults:1: nzn_ghost_randoct, v_misc_27, nicolae_vaults_triangles, v_pattern_3,
          v_misc_27, ontoclasm_vaults_decontamination,
          nicolae_vaults_bisected_exclaves, nicolae_vaults_oval_intersection,
          nicolae_vaults_trapezoid_lopsided_1, layout_vaults_big_room,
          serial_shops, shop, nicolae_shop_window_shopping
Vaults:2: hangedman_vaults_locks, minmay_crypt_entry_vampire_xt,
          nicolae_vaults_more_shelving_2, v_misc_5,
          nicolae_vaults_specimen_jars, ontoclasm_vaults_eye, v_misc_13,
          v_misc_2, v_misc_10, nicolae_vaults_trapezoid_2,
          nicolae_vaults_double_plus_3, layout_vaults_quadrants, serial_glass,
          enter_trove_0, serial_shops, shop, shop
Vaults:3: gammafunk_ghost_arena, hangedman_vaults_maws, v_rooms_6,
          nicolae_vaults_security_offices_4, nicolae_vaults_little_squares_1,
          nicolae_vaults_alarming, nicolae_vaults_closet_pinwheel_4,
          nicolae_vaults_tetromino_T_1, grunt_vaults_diagonal,
          vaults_room_fancy_cross, layout_vaults_big_cross
Vaults:4: v_misc_12, nicolae_vaults_diffraction_hallways, v_alt_pattern_1,
          nicolae_vaults_trapezoid_lopsided_3, ontoclasm_vaults_chip,
          nicolae_vaults_closet_pinwheel_4, hangedman_vaults_maws,
          nicolae_vaults_storage_room_doors, nicolae_vaults_tetromino_L_1,
          v_misc_22, nicolae_vaults_turnstiles, ontoclasm_vaults_idyll,
          hangedman_vaults_pinch, layout_vaults_ring, serial_shops, shop,
          serial_glass, uniq_mennas, uniq_bai_suzhen, uniq_boris
Depths:1: layout_cave_pools, grunt_hell_horde, nicolae_sextant, minivault_16,
          fedhas_altar_4, serial_bayou_shore_b
Depths:2: grunt_twisty_corner, layout_twisted_cross,
          nicolae_abyss_entry_one_way_or_another, grunt_hell_entry_dis_mu,
          pan_entry, uniq_saint_roka
Depths:3: kennysheep_treasure_stockpile, layout_gridlike,
          minmay_room_of_horrors, minmay_crystal_water,
          pf_vacation_house_of_asmodeus, uniq_margery

Skill      XL: |  1  2  3  4  5  6  7  8  9 10 11 12 13 14 15 16 17 18 19 20 21 22 |
---------------+-------------------------------------------------------------------+-----
Short Blades   | 3 4 10 12 13 14 | 14.0
Dodging        | 2 6 8 9 10 11 12 13 14 15 16 17 18 19 | 19.4
Fighting       | 3 6 7 8 9 10 12 13 14 15 16 17 18 | 18.1
Stealth        | 6 9 10 11 12 13 14 15 16 17 19 21 22 23 24 | 24.4
Evocations     | 5 7 8 9 10 12 13 14 15 16 17 18 19 20 | 20.9
Shields        | 1 2 4 |  4.0
Ranged Weapons | 4 9 13 16 17 18 | 18.0
Armour         | 1 2 |  2.0
Long Blades    | 5 7 8 10 11 | 11.8
Throwing       | |  2.1

Action                     |  1- 3 |  4- 6 |  7- 9 | 10-12 | 13-15 | 16-18 | 19-21 | 22-24 || total
---------------------------+-------+-------+-------+-------+-------+-------+-------+-------++-------
  Melee: Dagger            |    63 |    53 |    33 |    15 |    35 |     6 |   144 |    60 ||   409
         Falchion          |       |     5 |       |       |       |       |       |       ||     5
         Short sword       |       |       |   157 |   532 |  1416 |  1506 |       |       ||  3611
         Punch             |       |       |     4 |       |    12 |    18 |    41 |     6 ||    81
         Rapier            |       |       |   140 |    84 |       |    84 |  1482 |   311 ||  2101
         Scimitar          |       |       |       |       |    28 |   192 |    23 |       ||   243
         Long sword        |       |       |       |       |       |    71 |       |       ||    71
         Demon blade       |       |       |       |       |       |       |    71 |    12 ||    83
         Eudemon blade     |       |       |       |       |       |       |       |   187 ||   187
   Fire: Shortbow          |       |       |       |       |     4 |       |       |       ||     4
         Arbalest          |       |       |       |       |       |    65 |    62 |       ||   127
  Throw: Dart              |       |       |       |     4 |       |    10 |     2 |       ||    16
         Throwing net      |       |       |       |       |       |     2 |     4 |       ||     6
 Invoke: Heavenly Storm    |       |       |       |       |     1 |     1 |       |       ||     2
         Serpent's Lash    |       |       |       |       |       |     1 |     7 |     8 ||    16
Ability: Lunge             |       |       |       |    56 |    69 |   128 |   140 |    43 ||   436
         Whirlwind         |       |       |       |    11 |    27 |    56 |    42 |    15 ||   151
         Wall Jump         |       |       |       |       |     3 |     8 |     7 |     5 ||    23
         Evoke Blink       |       |       |       |       |       |     3 |     8 |     4 ||    15
  Evoke: Wand              |       |       |     8 |    23 |    29 |    22 |    17 |    12 ||   111
         Phantom mirror    |       |       |       |       |     2 |     1 |     1 |     1 ||     5
         Box of beasts     |       |       |       |       |       |       |     1 |     1 ||     2
         Lightning rod     |       |       |       |       |       |       |     3 |     1 ||     4
         Condenser vane    |       |       |       |       |       |       |     1 |     1 ||     2
         Phial of floods   |       |       |       |       |       |       |     1 |       ||     1
    Use: Scroll            |       |    10 |     4 |     7 |     7 |    21 |     8 |     4 ||    61
         Potion            |       |     2 |       |     2 |    12 |    13 |     7 |     3 ||    39
   Stab: Sleeping          |    13 |    14 |    35 |    62 |    61 |   145 |   145 |    33 ||   508
         Distracted        |       |       |     5 |     5 |    13 |    14 |    24 |     5 ||    66
         Paralysed         |       |       |     1 |     2 |     4 |     7 |     1 |     3 ||    18
         Invisible         |       |       |       |       |       |     5 |       |       ||     5
         Held in net/web   |       |       |       |       |       |     4 |     2 |       ||     6
         Petrified         |       |       |       |       |       |       |     1 |       ||     1
 Armour: Robe              |    15 |    16 |    48 |       |       |       |    50 |   129 ||   258
         Leather armour    |       |       |    13 |    98 |   321 |   553 |   391 |       ||  1376
         Skin              |       |       |     1 |       |     9 |       |       |       ||    10
  Dodge: Dodged            |    24 |    18 |   232 |   293 |  1145 |  1912 |  1316 |   560 ||  5500
  Block: Buckler           |       |       |    42 |    88 |    98 |   156 |       |    81 ||   465
         Other             |       |       |       |       |       |       |    72 |       ||    72
         Reflection        |       |       |       |       |       |       |     2 |       ||     2

Table legend: (Time is in decaauts)
 A = Elapsed time spent in this place.
 B = Non-inter-level travel time spent in this place.
 C = Inter-level travel time spent in this place.
 D = Time resting spent in this place.
 E = Time spent auto-exploring this place.
 F = Levels seen in this place.
 G = Mean time per level.
                   A        B        C        D        E       F      G
               +--------+--------+--------+--------+--------+-----+--------+
         Total |  63201 |  57852 |   5349 |  16551 |  19445 |  42 | 1504.8 |
       Dungeon |  18024 |  15971 |   2053 |   3075 |   9631 |  15 | 1201.6 |
        Temple |    102 |      2 |    100 |      0 |      0 |   1 |  102.0 |
          Lair |   7833 |   7037 |    796 |    729 |   3663 |   5 | 1566.6 |
        Shoals |   9759 |   9395 |    364 |   4100 |   2051 |   4 | 2439.8 |
   Spider Nest |   8601 |   8410 |    191 |   3834 |   1728 |   4 | 2150.2 |
  Orcish Mines |   3058 |   2755 |    303 |    558 |    889 |   2 | 1529.0 |
        Vaults |  11428 |   9979 |   1449 |   3168 |    966 |   4 | 2857.0 |
        Depths |   2855 |   2765 |     90 |   1014 |    189 |   3 |  951.7 |
         Trove |    293 |    293 |      0 |      0 |     10 |   1 |  293.0 |
         Sewer |    474 |    474 |      0 |      0 |    221 |   1 |  474.0 |
       Ossuary |    309 |    309 |      0 |     73 |     33 |   1 |  309.0 |
        Bailey |    461 |    461 |      0 |      0 |     63 |   1 |  461.0 |
               +--------+--------+--------+--------+--------+-----+--------+

Top non-repeatable levels by time:
Vaults:4: 3521 daAuts
Shoals:3: 3439 daAuts
Spider:4: 3341 daAuts
Shoals:4: 3077 daAuts
Vaults:2: 2810 daAuts
Vaults:3: 2616 daAuts
Vaults:1: 2480 daAuts
  Lair:1: 2221 daAuts
    D:11: 2212 daAuts
     D:9: 1931 daAuts
Spider:2: 1911 daAuts
   Orc:2: 1810 daAuts
  Lair:5: 1793 daAuts
Spider:3: 1769 daAuts
Depths:1: 1694 daAuts
